 Dungeon Crawl Stone Soup version 0.20.1-1-g8b1a95d (webtiles) character file.

2995 Peloso the Carver (level 9, -8/78 HPs)
             Began as a Minotaur Fighter on July 28, 2017.
             Was a Believer of Okawaru.
             Shot with a bolt by an orc warrior (19 damage)
             ... in a bailey.
             The game lasted 00:18:25 (6151 turns).

Peloso the Carver (Minotaur Fighter)                Turns: 6151, Time: 00:18:26

Health: -8/78      AC: 12    Str: 22    XL:     9   Next: 54%
Magic:  8/8        EV:  8    Int:  5    God:    Okawaru [**....]
Gold:   280        SH: 11    Dex: 12    Spells: 8/8 levels left

rFire    . . .     SeeInvis .   a - +0 long sword
rCold    + . .     Gourm    .   c - +0 shield
rNeg     . . .     Faith    .   t - +0 chain mail
rPois    .         Spirit   .   (helmet restricted)
rElec    .         Reflect  .   (no cloak)
rCorr    .         Harm     .   (no gloves)
MR       .....                  q - +0 pair of boots
Stlth    ..........             (no amulet)
Regen    0.3/turn               A - ring of protection from cold
MPRegen  0.2/turn               m - +1 ring of slaying

@: no status effects
A: retaliatory headbutt, horns 2
a: Heroism, Renounce Religion


You were in a bailey.
You worshipped Okawaru.
Okawaru was pleased with you.
You were near starving.

You visited 2 branches of the dungeon, and saw 8 of its levels.
You also visited: Bailey.

You collected 280 gold pieces.

Inventory:

Hand Weapons
 a - a +0 long sword (weapon)
Armour
 c - a +0 shield (worn)
 q - a +0 pair of boots (worn)
 t - a +0 chain mail (worn)
Jewellery
 b - an uncursed amulet of faith {unknown}
 d - an uncursed amulet of guardian spirit {unknown}
 m - a +1 ring of slaying (right hand)
 s - an uncursed ring of flight
 y - an uncursed ring of positive energy
 A - a ring of protection from cold (left hand)
Wands
 k - a wand of polymorph (21/24)
Scrolls
 o - 5 scrolls of teleportation
 u - a scroll of enchant armour {unknown}
 w - 2 scrolls of recharging
 C - 2 scrolls of remove curse
 D - a scroll of amnesia {unknown}
 G - a scroll of immolation {unknown}
 H - a scroll of random uselessness {unknown}
Potions
 e - a potion of invisibility
 g - a potion of flight
 h - 2 potions of heal wounds
 j - 7 potions of curing
 l - 2 potions of ambrosia
 n - 4 potions of magic
 r - 2 potions of agility {unknown}
 x - 2 potions of lignification {unknown}
 B - a potion of brilliance {unknown}
 E - a potion of resistance {unknown}
 I - 2 potions of cancellation {unknown}
Books
 F - a book of Misfortune

   Spells                             Type                      Level
   a - Confusing Touch                Hexes                        1
   b - Confuse                        Hexes                        3
   c - Gell's Gravitas                Translocation                3
   d - Petrify                        Transmutation/Earth          4
   e - Metabolic Englaciation         Hexes/Ice                    5
   f - Yara's Violent Unravelling     Hexes/Transmutation          5
Comestibles
 f - 5 bread rations
 i - 6 meat rations
 v - 5 royal jellies


   Skills:
 + Level 6.7 Fighting
 + Level 10.3 Long Blades
 + Level 7.5 Armour
 + Level 3.4 Dodging
 + Level 1.0 Stealth
 + Level 8.3 Shields
 + Level 0.2 Unarmed Combat
 + Level 0.4 Invocations


You had 8 spell levels left.
You didn't know any spells.

Dungeon Overview and Level Annotations

Branches:
Dungeon (7/15)             Temple (1/1) D:5

Altars:
Cheibriados
Gozag
Hepliaklqana
Kikubaaqudgha
Okawaru
Qazlal
Ru
Trog
Uskayaw
Xom
Yredelemnul

Shops:
D:6 :


Innate Abilities, Weirdness & Mutations

You reflexively headbutt those who attack you in melee.
You have a pair of horns on your head.


Message History

The orc shoots a bolt.
You block the bolt.
The orc warrior shoots a bolt.
The bolt closely misses you.
You see here a bolt.
The orc warrior shoots a bolt.
The bolt hits you.
The orc shoots a bolt.
You block the bolt.
You see here 2 bolts.
The orc warrior shoots a bolt.
You block the bolt.
You see here a bolt.
The orc shoots a bolt.
The bolt hits you.
The orc warrior shoots a bolt.
You block the bolt.
The orc warrior shoots a bolt.
The bolt barely misses you.
You see here 2 bolts.
The orc warrior shoots a bolt.
You block the bolt.
You see here a bolt.
The orc warrior shoots a bolt.
The bolt hits you!!
* * * LOW HITPOINT WARNING * * *
The orc warrior shoots a bolt.
You block the bolt.
You see here 2 bolts.
The orc warrior shoots a bolt.
You block the bolt.
The orc warrior shoots a bolt.
The bolt hits you!!
You die...

#(.....≈##.##≈
#(.....≈≈#o#≈≈........
#(.....o≈≈≈≈≈.........
#.(...................
#(.(....o.............
#...(.................
#(.(.(................
#.....................
#∩.....(((((.(@.......
######################


You could see 2 orc warriors and an orc.

Vanquished Creatures
  Grinder (D:3)
  The ghost of Rhareg the Sneak, an amateur OpCj (D:4)
  Eustachio (D:5)
  A hungry ghost (D:7)
  5 orc warriors
  A sky beast (D:7)
  A black bear (D:6)
  4 centaurs
  An ogre (D:6)
  A bullfrog (D:6)
  A water moccasin zombie (D:5)
  2 scorpions
  4 crimson imps
  3 hounds
  7 orc wizards
  A centaur zombie (D:5)
  An iguana (D:5)
  A gnoll shaman (D:4)
  Ijyb (D:2)
  3 worker ants
  2 worker ant zombies (D:5)
  Robin (D:3)
  18 gnolls
  A howler monkey zombie (D:5)
  6 adders
  2 shadow imps
  4 oozes
  2 adder zombies (D:5)
  4 worms
  3 dart slugs
  3 leopard geckos
  25 orcs
  3 giant cockroaches
  10 hobgoblins
  12 jackals
  6 kobolds
  3 quokkas
  2 ball pythons
  A ball python skeleton (D:5)
  6 bats
  2 frilled lizards
  A giant cockroach zombie (D:5)
  28 goblins
  A leopard gecko skeleton (D:4)
  3 quokka skeletons
  10 rats
200 creatures vanquished.

Vanquished Creatures (others)
  A human (D:3)
1 creature vanquished.

Grand Total: 201 creatures vanquished

Notes
Turn   | Place    | Note
-------+----------+-------------------------------------------
     0 | D:1      | Peloso the Minotaur Fighter began the quest for the Orb.
     0 | D:1      | Reached XP level 1. HP: 19/19 MP: 0/0
   145 | D:1      | Reached XP level 2. HP: 24/27 MP: 1/1
   556 | D:1      | Reached XP level 3. HP: 30/33 MP: 2/2
  1003 | D:2      | Found a stormy altar of Qazlal.
  1007 | D:2      | Noticed Robin
  1285 | D:2      | Found a shimmering altar of Xom.
  1426 | D:2      | Found a hide-covered altar of Uskayaw.
  1566 | D:3      | Noticed Grinder
  1573 | D:3      | Noticed Ijyb
  1580 | D:3      | Reached XP level 4. HP: 22/40 MP: 3/3
  1758 | D:3      | Reached skill level 3 in Long Blades
  1784 | D:2      | Killed Ijyb
  1981 | D:3      | Paralysed by Grinder for 2 turns
  2088 | D:3      | Paralysed by Grinder for 7 turns
  2096 | D:3      | Killed Grinder
  2096 | D:3      | Reached skill level 4 in Long Blades
  2096 | D:3      | Reached skill level 1 in Dodging
  2096 | D:3      | Reached skill level 5 in Shields
  2096 | D:3      | Reached XP level 5. HP: 12/47 MP: 4/4
  2096 | D:3      | Reached XP level 6. HP: 14/55 MP: 5/5
  2371 | D:3      | Found an ancient bone altar of Kikubaaqudgha.
  2410 | D:3      | Found an opulent altar of Gozag.
  2588 | D:3      | Reached skill level 5 in Long Blades
  2608 | D:3      | Killed Robin
  2684 | D:2      | Reached skill level 5 in Armour
  2840 | D:3      | Reached skill level 5 in Fighting
  3039 | D:3      | Noticed a human
  3041 | D:3      | Killed a human
  3243 | D:4      | Noticed Rhareg's ghost (amateur OpCj)
  3259 | D:4      | Killed Rhareg's ghost
  3259 | D:4      | Reached skill level 1 in Stealth
  3259 | D:4      | Reached XP level 7. HP: 55/61 MP: 6/6
  3626 | D:4      | Reached skill level 6 in Long Blades
  3658 | D:4      | Found a snail-covered altar of Cheibriados.
  3723 | D:4      | Found a bloodstained altar of Trog.
  3943 | D:5      | Entered Level 5 of the Dungeon
  3967 | D:5      | Found a staircase to the Ecumenical Temple.
  3993 | D:5      | Reached XP level 8. HP: 58/70 MP: 7/7
  4003 | D:5      | Reached skill level 7 in Long Blades
  4039 | Temple   | Entered the Ecumenical Temple
  4058 | Temple   | Became a worshipper of Warmaster Okawaru
  4316 | D:5      | Reached skill level 8 in Long Blades
  4476 | D:5      | Reached * piety under Okawaru
  4488 | D:5      | Noticed Eustachio
  4495 | D:5      | Killed Eustachio
  4878 | D:6      | Reached skill level 9 in Long Blades
  4980 | D:6      | Reached XP level 9. HP: 68/75 MP: 5/8
  5031 | D:6      | Found Etuquufy's Book Shoppe.
  5370 | D:7      | Reached ** piety under Okawaru
  5489 | D:7      | Found a flagged portal.
  5547 | Bailey   | Entered a bailey
  5581 | Bailey   | Reached skill level 10 in Long Blades
  6151 | Bailey   | Shot with a bolt by an orc warrior

Skill      XL: |  1  2  3  4  5  6  7  8  9 |
---------------+----------------------------+-----
Shields        | 4 5 6 7 8 |  8.3
Fighting       | 4 5 6 |  6.7
Armour         | 4 5 6 7 |  7.5
Long Blades    | 4 5 6 9 10 | 10.3
Dodging        | 1 2 3 |  3.4
Stealth        | 1 |  1.0
Unarmed Combat | |  0.2
Invocations    | |  0.4

Action                   |  1- 3 |  4- 6 |  7- 9 || total
-------------------------+-------+-------+-------++-------
Melee: Long sword        |   108 |   152 |   293 ||   553
       Headbutt          |    16 |    30 |    77 ||   123
       Unarmed           |       |    13 |       ||    13
Invok: Heroism           |       |       |     5 ||     5
  Use: Scroll            |     1 |       |     8 ||     9
       Potion            |       |     1 |     1 ||     2
  Eat: Chunk             |     1 |     7 |     8 ||    16
Armor: Scale mail        |    70 |     9 |       ||    79
       Chain mail        |       |    86 |   164 ||   250
       Skin              |       |     3 |       ||     3
Dodge: Dodged            |    36 |    43 |    97 ||   176
Block: Shield            |    61 |    97 |   242 ||   400
       Rpst.: Long sword |     8 |    10 |    20 ||    38
